TOP OF THE 1ST |
Madison Brewers batting - Pitching for Victoria Capitals : LHP Andy Mathis
|
Pitching: LHP Andy Mathis
|
|
Batting: SHB Aaron Neill
|
0-0: Swinging Strike 0-1: Ball 1-1: Ball 2-1: Ball 3-1: Ground out 5-3 (Groundball, 5S, EV 91.9 MPH)
|
Batting: RHB Chris Fruit
|
0-0: Ground out 4-3 (Groundball, 4, EV 76.2 MPH)
|
Batting: RHB Victor Alarcon
|
0-0: Called Strike 0-1: Foul Ball, location: 2F 0-2: Foul Ball, location: 2F 0-2: Fly out, F9 (Flyball, 89M, EV 94.4 MPH)
|
Top of the 1st over - 0 runs, 0 hits, 0 errors, 0 left on base; Madison 0 - Victoria 0 |
BOTTOM OF THE 1ST |
Victoria Capitals batting - Pitching for Madison Brewers : LHP Tim Phillips
|
Pitching: LHP Tim Phillips
|
|
Batting: RHB Nick Edmunds
|
0-0: Called Strike 0-1: Ball 1-1: Swinging Strike 1-2: Foul Ball, location: 2F 1-2: Ball 2-2: Strikes out swinging
|
Batting: RHB Enrique Valdez
|
0-0: Ball 1-0: Ball 2-0: Ball 3-0: Called Strike 3-1: Ground out 4-3 (Groundball, 4, EV 84.4 MPH)
|
Batting: LHB Taki Matsui
|
0-0: Called Strike 0-1: Ball 1-1: SOLO HOME RUN (Flyball, 78XD, EV 101.2 MPH), Distance : 381 ft
|
Batting: SHB Frank Amato
|
0-0: Ball 1-0: Called Strike 1-1: Ball 2-1: Foul Ball, location: 2F 2-2: Foul Ball, location: 2F 2-2: Ball 3-2: Fly out, F1 (Line Drive, P, EV 70.0 MPH)
|
Bottom of the 1st over - 1 run, 1 hit, 0 errors, 0 left on base; Madison 0 - Victoria 1 |
TOP OF THE 2ND |
Madison Brewers batting - Pitching for Victoria Capitals : LHP Andy Mathis
|
Batting: RHB Cameron Rattenbury
|
0-0: Ball 1-0: Called Strike 1-1: Ball 2-1: Ball 3-1: SINGLE (Groundball, 56, EV 105.6 MPH)
|
Batting: SHB Ramon Perez
|
0-0: Called Strike 0-1: Foul Ball, location: 2F 0-2: Ball 1-2: Ball 2-2: SINGLE (Line Drive, 8LM, EV 91.9 MPH) Cameron Rattenbury to second
|
Batting: LHB Steven Donovan
|
0-0: Called Strike 0-1: Ball 1-1: SINGLE (Groundball, 13S, EV 74.4 MPH) (infield hit) Cameron Rattenbury to third Ramon Perez to second
|
Batting: RHB Herb McIntyre
|
0-0: Fly out, F8 (Flyball, 8LXD, EV 100.0 MPH) Runner from 3rd tags up, SCORES, no throw by CF
|
Batting: RHB Leo Serrano
|
0-0: Ground out 5-3 (Groundball, 56S, EV 69.4 MPH) Ramon Perez to third Steven Donovan to second
|
Batting: RHB Justin Marino
|
0-0: Ball 1-0: Called Strike 1-1: SINGLE (Groundball, 34D, EV 106.2 MPH) Ramon Perez scores Steven Donovan to third Runner from 3rd tries for Home, SAFE, throw by RF to home Justin Marino to second
|
Batting: SHB Aaron Neill
|
0-0: Swinging Strike 0-1: SINGLE (Groundball, 6M, EV 86.9 MPH) (infield hit) Justin Marino to third
|
Batting: RHB Chris Fruit
|
0-0: Called Strike 0-1: Ball 1-1: SINGLE (Groundball, 4D, EV 101.9 MPH) Justin Marino scores Aaron Neill to second
|
Batting: RHB Victor Alarcon
|
0-0: Swinging Strike 0-1: Swinging Strike 0-2: Ball 1-2: Ball 2-2: Ball 3-2: Base on Balls Aaron Neill to third Chris Fruit to second
|
Batting: RHB Cameron Rattenbury
|
0-0: Called Strike 0-1: Called Strike 0-2: Strikes out swinging
|
Top of the 2nd over - 4 runs, 6 hits, 0 errors, 3 left on base; Madison 4 - Victoria 1 |
BOTTOM OF THE 2ND |
Victoria Capitals batting - Pitching for Madison Brewers : LHP Tim Phillips
|
Batting: SHB Ray Skogen
|
0-0: Ball 1-0: Ball 2-0: Swinging Strike 2-1: Foul Ball, location: 2F 2-2: Ground out 4-3 (Groundball, 4, EV 86.9 MPH)
|
Batting: RHB Jesus Santiago
|
0-0: Foul Ball, location: 2F 0-1: Ball 1-1: Called Strike 1-2: Strikes out swinging
|
Batting: RHB Danny Pujols
|
0-0: Called Strike 0-1: Foul Ball, location: 2F 0-2: Foul Ball, location: 2F 0-2: Strikes out swinging
|
Bottom of the 2nd over - 0 runs, 0 hits, 0 errors, 0 left on base; Madison 4 - Victoria 1 |
TOP OF THE 3RD |
Madison Brewers batting - Pitching for Victoria Capitals : LHP Andy Mathis
|
Batting: SHB Ramon Perez
|
0-0: Ball 1-0: Foul Ball, location: 2F 1-1: Ball 2-1: Ball 3-1: Called Strike 3-2: Base on Balls
|
Batting: LHB Steven Donovan
|
0-0: Ball 1-0: Foul Ball, location: 2F 1-1: Ball 2-1: Ball 3-1: Fly out, F8 (Flyball, 8RD, EV 88.8 MPH)
|
Batting: RHB Herb McIntyre
|
0-0: Ball 1-0: Foul Ball, location: 2F 1-1: SINGLE (Line Drive, 9S, EV 97.5 MPH) Ramon Perez to second
|
Batting: RHB Leo Serrano
|
0-0: Called Strike 0-1: SINGLE (Line Drive, 9S, EV 101.2 MPH) Ramon Perez to third Herb McIntyre to second
|
Batting: RHB Justin Marino
|
0-0: Foul Ball, location: 2F 0-1: Ball 1-1: Foul Ball, location: 2F 1-2: Ball 2-2: Foul Ball, location: 2F 2-2: Strikes out swinging
|
Batting: SHB Aaron Neill
|
0-0: Called Strike 0-1: Ball 1-1: Ball 2-1: Ground out 1-3 (Groundball, P, EV 60.0 MPH)
|
Top of the 3rd over - 0 runs, 2 hits, 0 errors, 3 left on base; Madison 4 - Victoria 1 |
BOTTOM OF THE 3RD |
Victoria Capitals batting - Pitching for Madison Brewers : LHP Tim Phillips
|
Batting: RHB David Greene
|
0-0: Ball 1-0: Called Strike 1-1: Swinging Strike 1-2: Ball 2-2: Ball 3-2: Foul Ball, location: 2F 3-2: Strikes out swinging
|
Batting: LHB Addisu Nyamekye
|
0-0: Called Strike 0-1: Ball 1-1: Called Strike 1-2: Foul Ball, location: 2F 1-2: Strikes out looking
|
Batting: RHB Nick Edmunds
|
0-0: Ground out 4-3 (Groundball, 4, EV 101.9 MPH)
|
Bottom of the 3rd over - 0 runs, 0 hits, 0 errors, 0 left on base; Madison 4 - Victoria 1 |
TOP OF THE 4TH |
Madison Brewers batting - Pitching for Victoria Capitals : LHP Andy Mathis
|
Batting: RHB Chris Fruit
|
0-0: Ball 1-0: Called Strike 1-1: Foul Ball, location: 2F 1-2: Fly out, F7 (Flyball, 7, EV 97.5 MPH)
|
Batting: RHB Victor Alarcon
|
0-0: Ball 1-0: Called Strike 1-1: Fly out, F7 (Flyball, 7LS, EV 76.2 MPH)
|
Batting: RHB Cameron Rattenbury
|
0-0: Foul Ball, location: 2F 0-1: SINGLE (Flyball, 5D, EV 92.5 MPH)
|
Pitching: RHP Frank Cabrera
|
|
Batting: SHB Ramon Perez
|
0-0: Ball 1-0: SINGLE (Line Drive, 6MD, EV 96.9 MPH) Cameron Rattenbury to second Runner from 2nd tries for 3rd, SAFE, no throw by CF
|
Batting: LHB Steven Donovan
|
0-0: Called Strike 0-1: Ball 1-1: Fly out, F8 (Flyball, 78S, EV 81.9 MPH)
|
Top of the 4th over - 0 runs, 2 hits, 0 errors, 2 left on base; Madison 4 - Victoria 1 |
BOTTOM OF THE 4TH |
Victoria Capitals batting - Pitching for Madison Brewers : LHP Tim Phillips
|
Batting: RHB Enrique Valdez
|
0-0: Foul Ball, location: 2F 0-1: Swinging Strike 0-2: Foul Ball, location: 2F 0-2: Strikes out swinging
|
Batting: LHB Taki Matsui
|
0-0: Called Strike 0-1: Ground out U3 (Groundball, 34, EV 107.5 MPH)
|
Batting: SHB Frank Amato
|
0-0: Foul Ball, location: 2F 0-1: Ball 1-1: Ball 2-1: Called Strike 2-2: Strikes out looking
|
Bottom of the 4th over - 0 runs, 0 hits, 0 errors, 0 left on base; Madison 4 - Victoria 1 |
TOP OF THE 5TH |
Madison Brewers batting - Pitching for Victoria Capitals : RHP Frank Cabrera
|
Batting: RHB Herb McIntyre
|
0-0: Called Strike 0-1: Foul Ball, location: 2F 0-2: Ball 1-2: Strikes out swinging
|
Batting: RHB Leo Serrano
|
0-0: Called Strike 0-1: Foul Ball, location: 2F 0-2: Ball 1-2: Foul Ball, location: 2F 1-2: Ground out 4-3 (Groundball, 4, EV 90.6 MPH)
|
Batting: RHB Justin Marino
|
0-0: Ball 1-0: Ball 2-0: Ball 3-0: Base on Balls
|
Batting: SHB Aaron Neill
|
0-0: Ball 1-0: Foul Ball, location: 2F 1-1: Foul Ball, location: 2F 1-2: Foul Ball, location: 2F 1-2: Foul Ball, location: 2F 1-2: Strikes out swinging
|
Top of the 5th over - 0 runs, 0 hits, 0 errors, 1 left on base; Madison 4 - Victoria 1 |
BOTTOM OF THE 5TH |
Victoria Capitals batting - Pitching for Madison Brewers : LHP Tim Phillips
|
Batting: SHB Ray Skogen
|
0-0: Ball 1-0: Foul Ball, location: 2F 1-1: Ball 2-1: Foul Ball, location: 2F 2-2: Strikes out looking
|
Batting: RHB Jesus Santiago
|
0-0: Called Strike 0-1: Foul Ball, location: 2F 0-2: Fly out, F9 (Flyball, 9LS, EV 75.0 MPH)
|
Batting: RHB Danny Pujols
|
0-0: Ground out 5-3 (Groundball, 56, EV 83.1 MPH)
|
Bottom of the 5th over - 0 runs, 0 hits, 0 errors, 0 left on base; Madison 4 - Victoria 1 |
TOP OF THE 6TH |
Madison Brewers batting - Pitching for Victoria Capitals : RHP Frank Cabrera
|
Batting: RHB Chris Fruit
|
0-0: Ball 1-0: Swinging Strike 1-1: Bunt for hit to 25 - play at first, batter OUT! 5-3
|
Batting: RHB Victor Alarcon
|
0-0: Foul Ball, location: 2F 0-1: Called Strike 0-2: Strikes out swinging
|
Batting: RHB Cameron Rattenbury
|
0-0: SINGLE (Groundball, 56D, EV 104.4 MPH)
|
Batting: SHB Ramon Perez
|
0-0: Ball 1-0: Called Strike Cameron Rattenbury steals 2nd base (no throw) 1-1: Ball 2-1: Ground out 4-3 (Groundball, 4MS, EV 78.8 MPH)
|
Top of the 6th over - 0 runs, 1 hit, 0 errors, 1 left on base; Madison 4 - Victoria 1 |
BOTTOM OF THE 6TH |
Victoria Capitals batting - Pitching for Madison Brewers : LHP Tim Phillips
|
Batting: RHB David Greene
|
0-0: Reached on error, E6 (Groundball, 6, EV 106.2 MPH)
|
Batting: LHB Addisu Nyamekye
|
0-0: Called Strike 0-1: Fielders Choice at 2nd, 5-4 (Groundball, 56, EV 85.0 MPH)
|
Batting: RHB Nick Edmunds
|
0-0: Ball 1-0: Called Strike 1-1: Ball 2-1: Ball 3-1: Called Strike 3-2: Strikes out swinging
|
Batting: RHB Enrique Valdez
|
0-0: SINGLE (Groundball, 6D, EV 110.6 MPH) Addisu Nyamekye to second
|
Batting: LHB Taki Matsui
|
0-0: Called Strike 0-1: Fly out, F8 (Flyball, 89M, EV 79.4 MPH)
|
Bottom of the 6th over - 0 runs, 1 hit, 1 error, 2 left on base; Madison 4 - Victoria 1 |
TOP OF THE 7TH |
Madison Brewers batting - Pitching for Victoria Capitals : RHP Frank Cabrera
|
Pitching: RHP Chris Julien
|
|
Batting: LHB Steven Donovan
|
0-0: Ball 1-0: Swinging Strike 1-1: Foul Ball, location: 2F 1-2: Ball 2-2: Strikes out looking
|
Batting: RHB Herb McIntyre
|
0-0: Ball 1-0: Foul Ball, location: 2F 1-1: Ball 2-1: Ball 3-1: Called Strike 3-2: Foul Ball, location: 2F 3-2: Strikes out swinging
|
Batting: RHB Leo Serrano
|
0-0: Called Strike 0-1: Called Strike 0-2: Ball 1-2: Strikes out swinging
|
Top of the 7th over - 0 runs, 0 hits, 0 errors, 0 left on base; Madison 4 - Victoria 1 |
BOTTOM OF THE 7TH |
Victoria Capitals batting - Pitching for Madison Brewers : LHP Tim Phillips
|
Batting: SHB Frank Amato
|
0-0: Ball 1-0: Called Strike 1-1: Ball 2-1: Foul Ball, location: 2F 2-2: Strikes out looking
|
Batting: SHB Ray Skogen
|
0-0: Ball 1-0: Ball 2-0: Ball 3-0: Called Strike 3-1: Foul Ball, location: 2F 3-2: Fly out, F2 (Popup, 23F, EV 80.0 MPH)
|
Batting: RHB Jesus Santiago
|
0-0: Ball 1-0: Called Strike 1-1: Foul Ball, location: 2F 1-2: Foul Ball, location: 2F 1-2: Ball 2-2: Ground out 5-3 (Groundball, 56S, EV 81.2 MPH)
|
Bottom of the 7th over - 0 runs, 0 hits, 0 errors, 0 left on base; Madison 4 - Victoria 1 |
TOP OF THE 8TH |
Madison Brewers batting - Pitching for Victoria Capitals : RHP Chris Julien
|
Pitching: RHP Ramon Pedroza
|
|
Batting: RHB Justin Marino
|
0-0: Called Strike 0-1: Ball 1-1: Ground out 5-3 (Groundball, 56, EV 83.8 MPH)
|
Batting: SHB Aaron Neill
|
0-0: Ball 1-0: Foul Ball, location: 2F 1-1: Called Strike 1-2: Strikes out looking
|
Batting: RHB Chris Fruit
|
0-0: Called Strike 0-1: Ball 1-1: Swinging Strike 1-2: Strikes out looking
|
Top of the 8th over - 0 runs, 0 hits, 0 errors, 0 left on base; Madison 4 - Victoria 1 |
BOTTOM OF THE 8TH |
Victoria Capitals batting - Pitching for Madison Brewers : LHP Tim Phillips
|
Batting: RHB Danny Pujols
|
0-0: Ball 1-0: Fly out, F8 (Flyball, 8LXD, EV 100.6 MPH)
|
Batting: RHB David Greene
|
0-0: SINGLE (Flyball, 56D, EV 95.0 MPH)
|
Batting: LHB Addisu Nyamekye
|
0-0: Called Strike 0-1: Ball 1-1: Ball 2-1: Swinging Strike 2-2: Foul Ball, location: 2F 2-2: Strikes out swinging
|
Batting: RHB Nick Edmunds
|
0-0: Ball 1-0: Ball 2-0: Called Strike 2-1: Ball Wild Pitch! David Greene to second 3-1: Foul Ball, location: 2F 3-2: Ground out 6-3 (Groundball, 6, EV 84.4 MPH)
|
Bottom of the 8th over - 0 runs, 1 hit, 0 errors, 1 left on base; Madison 4 - Victoria 1 |
TOP OF THE 9TH |
Madison Brewers batting - Pitching for Victoria Capitals : RHP Ramon Pedroza
|
Batting: RHB Victor Alarcon
|
0-0: Called Strike 0-1: Foul Ball, location: 2F 0-2: Foul Ball, location: 2F 0-2: Strikes out looking
|
Batting: RHB Cameron Rattenbury
|
0-0: Called Strike 0-1: Ball 1-1: Foul Ball, location: 2F 1-2: Strikes out swinging
|
Batting: SHB Ramon Perez
|
0-0: Called Strike 0-1: Fly out, F8 (Flyball, 8RXD, EV 94.4 MPH)
|
Top of the 9th over - 0 runs, 0 hits, 0 errors, 0 left on base; Madison 4 - Victoria 1 |
BOTTOM OF THE 9TH |
Victoria Capitals batting - Pitching for Madison Brewers : LHP Tim Phillips
|
Batting: RHB Enrique Valdez
|
0-0: Ball 1-0: Ball 2-0: Called Strike 2-1: SINGLE (Groundball, 6MD, EV 95.6 MPH)
|
Batting: LHB Taki Matsui
|
0-0: Ball 1-0: Ball 2-0: Called Strike 2-1: Called Strike 2-2: Grounds into double play, 6-4-3 (Groundball, 6, EV 78.1 MPH)
|
Batting: SHB Frank Amato
|
0-0: Ball 1-0: Ball 2-0: Foul Ball, location: 2F 2-1: SOLO HOME RUN (Flyball, 7D, EV 95.6 MPH), Distance : 372 ft
|
Batting: SHB Ray Skogen
|
0-0: Called Strike 0-1: Ball 1-1: Called Strike 1-2: Strikes out swinging
|
Bottom of the 9th over - 1 run, 2 hits, 0 errors, 0 left on base; Madison 4 - Victoria 2 |
|